 Dungeon Crawl Stone Soup version 0.19-a0-1841-gf1e0166 (webtiles) character file.

75232 Flanowski the Earth Mage (level 15, -3/101 HPs)
             Began as a Gargoyle Earth Elementalist on Oct 9, 2016.
             Was a High Priest of Vehumet.
             Killed from afar by a thorn hunter (46 damage)
             ... with a volley of thorns
             ... on level 4 of the Lair of Beasts.
             The game lasted 01:30:26 (25850 turns).

Flanowski the Earth Mage (GrEE)                    Turns: 25850, Time: 01:30:27

Health: -3/101     AC: 19    Str: 14    XL:     15   Next: 49%
Magic:  14/40      EV: 14    Int: 22    God:    Vehumet [*****.]
Gold:   1167       SH:  0    Dex: 10    Spells: 6 memorised, 20 levels left

rFire  + . .     SeeInvis .     n - +7 trident "Leluf" {pain, rN+ MR+ Str+2}
rCold  + . .     Gourm    .     p - +2 robe {rC+}
rNeg   + + .     Faith    +     (no shield)
rPois  ∞         Spirit   .     w - +2 hat {MR+}
rElec  +         Dismiss  .     (no cloak)
rCorr  .         Reflect  .     W - +0 pair of gloves
MR     +++..     Harm     .     P - +0 pair of boots
Stlth  ++........ Clarity  +    y - amulet of faith
                                r - ring of magical power
                                K - ring of protection from fire

@: flying, drained
A: big wings, clarity, negative energy resistance 1, robust 1, electricity
resistance, wild magic 1, unbreathing, petrification resistance, rot immunity,
AC +11
a: Stop Flying, Renounce Religion


You were on level 4 of the Lair of Beasts.
You worshipped Vehumet.
Vehumet was extremely pleased with you.
You were not hungry.

You visited 4 branches of the dungeon, and saw 24 of its levels.

You collected 2179 gold pieces.
You spent 1012 gold pieces at shops.

Inventory:

Hand Weapons
 n - the +7 trident "Leluf" (weapon) {pain, rN+ MR+ Str+2}
   (You found it on level 12 of the Dungeon)

   In the hands of one skilled in necromantic magic, it inflicts extra damage on
   living creatures.
   It affects your strength (+2).
   It protects you from negative energy.
   It affects your resistance to hostile enchantments.
Missiles
 b - 44 stones (quivered)
Armour
 p - a +2 robe of cold resistance (worn)
 w - a +2 hat of magic resistance (worn)
 P - a +0 pair of boots (worn)
 W - a +0 pair of gloves (worn)
Jewellery
 a - an uncursed amulet of regeneration
 o - a +2 ring of dexterity
 r - a ring of magical power (right hand)
 y - an amulet of faith (around neck)
 K - a ring of protection from fire (left hand)
 M - an uncursed ring of positive energy {unknown}
Wands
 t - a wand of confusion (38/48)
 H - a wand of slowing (13/48)
Scrolls
 f - 4 scrolls of magic mapping
 h - 10 scrolls of remove curse
 i - 3 scrolls of fog
 m - 2 scrolls of blinking
 s - 3 scrolls of teleportation
 x - 3 scrolls of fear
 A - 5 scrolls of amnesia
 I - 5 scrolls of enchant armour {unknown}
 L - 2 scrolls of recharging
 R - 3 scrolls of vulnerability {unknown}
 V - a scroll of enchant weapon
Potions
 k - 3 potions of cure mutation
 l - 2 potions of brilliance
 u - 3 potions of curing
 C - a potion of berserk rage
 E - 4 potions of might {unknown}
 F - 2 potions of resistance {unknown}
 G - 2 potions of lignification {unknown}
 J - 4 potions of agility {unknown}
 N - 3 potions of heal wounds
 O - a potion of ambrosia {unknown}
 Q - a potion of beneficial mutation {unknown}
 U - a potion of haste
 X - 3 potions of cancellation {unknown}
 Z - a potion of magic {unknown}
Books
 c - a book of Battle

   Spells                             Type                      Level
   a - Infusion                       Charms                       1
   b - Shroud of Golubria             Charms/Translocation         2
   c - Song of Slaying                Charms                       2
   d - Spectral Weapon                Hexes/Charms                 3
   e - Regeneration                   Charms/Necromancy            3
 e - a book of Geomancy

   Spells                             Type                      Level
   a - Sandblast                      Earth                        1
   b - Passwall                       Transmutation/Earth          2
   c - Stone Arrow                    Conjuration/Earth            3
   d - Petrify                        Transmutation/Earth          4
   e - Lee's Rapid Deconstruction     Earth                        5
 S - a book of Air

   Spells                             Type                      Level
   a - Shock                          Conjuration/Air              1
   b - Swiftness                      Charms/Air                   2
   c - Repel Missiles                 Charms/Air                   2
   d - Static Discharge               Conjuration/Air              3
   e - Lightning Bolt                 Conjuration/Air              5
 T - a book of Callings

   Spells                             Type                      Level
   a - Summon Small Mammal            Summoning                    1
   b - Call Imp                       Summoning                    2
   c - Call Canine Familiar           Summoning                    3
   d - Summon Guardian Golem          Hexes/Summoning              3
   e - Summon Lightning Spire         Summoning/Air                4
   f - Summon Ice Beast               Ice/Summoning                4
 Y - a book of Clouds

   Spells                             Type                      Level
   a - Mephitic Cloud                 Conjuration/Poison/Air       3
   b - Conjure Flame                  Conjuration/Fire             3
   c - Poisonous Cloud                Conjuration/Poison/Air       6
   d - Freezing Cloud                 Conjuration/Ice/Air          6
   e - Ring of Flames                 Charms/Fire                  7
Miscellaneous
 g - a phantom mirror
Comestibles
 d - 2 bread rations
 j - 18 fruits
 q - 8 beef jerkies
 z - a royal jelly
 B - 10 slices of pizza
 D - 8 meat rations


   Skills:
 - Level 9.7(9.6) Fighting
 + Level 5.9(5.8) Dodging
 - Level 2.1 Stealth
 + Level 12.7(12.6) Spellcasting
 - Level 9.3(9.2) Conjurations
 - Level 0.7(0.6) Transmutations
 - Level 20.7(20.6) Earth Magic


You had 20 spell levels left.
You knew the following spells:

 Your Spells              Type           Power        Failure   Level  Hunger
a - Regeneration          Chrm/Necr      ###.......   21%         3    None
b - Passwall              Tmut/Erth      ######....   1%          2    None
c - Stone Arrow           Conj/Erth      ######       1%          3    None
d - Lee's Rapid Deconstr  Erth           #######...   1%          5    ####...
e - Petrify               Tmut/Erth      ######..     1%          4    None
f - Repel Missiles        Chrm/Air       ###...       14%         2    None


Dungeon Overview and Level Annotations

Branches:
Dungeon (15/15)            Temple (0/1) D:5            Lair (6/6) D:11
  Swamp (1/4) Lair:4       Spider (0/4) Lair:3          Orc (2/2) D:10
    Elf (0/3) Orc:2        Vaults (0/5) D:13
  Slime: Lair:5-6    Depths: D:15

Altars:
Ashenzari
Elyvilon
Fedhas
Gozag
Kikubaaqudgha
Nemelex Xobeh
Uskayaw
Vehumet
Yredelemnul
The Shining One
Beogh

Shops:
D:5 *   D:7 %   D:15 *   Orc:1 ??   Orc:2 *[=(

Portals:
Trove: D:13 (give wand of hasting (9))

Annotations:
Lair:6 GordonOverkill's ghost, journeyman FoFi; veneficus's ghost, journeyman MiBe


Innate Abilities, Weirdness & Mutations

You are resistant to torment.
Your stone body is resilient. (AC +11)
You are immune to poison.
Your large and strong wings let you fly indefinitely.
You resist negative energy. (rN+)
You are resistant to electric shocks. (rElec)
You can survive without breathing.
You are immune to petrification.
You are immune to rotting.
You possess an exceptional clarity of mind.
You are robust. (+10% HP)
Your spells are a little harder to cast, but a little more powerful.


Message History

Aim: a thorn hunter (water, almost destroyed)
The stone arrow misses the thorn hunter.
The thorn hunter hits you but does no damage. x2
The bog body barely misses you. The bog body touches you.
The bog body freezes you! You resist.
The thorn hunter fires a volley of thorns at you.
The volley of thorns misses you.
There is a staircase back to the Lair here.
The thorn hunter hits you.
The thorn hunter hits you but does no damage.
You fly upwards.
Welcome back to the Lair of Beasts!
There is a staircase to the Swamp here.
You feel much better. The bog body hits you!
The bog body touches you but does no damage.
The thorn hunter closely misses you. The thorn hunter hits you.
The thorn hunter fires a volley of thorns at you.
The volley of thorns misses you.
The thorn hunter fires a volley of thorns at you.
The volley of thorns hits you!
You die...

.# #.#...#.....## ####
#...........P# ...#
##..........## ...##
##.....[...### #
....###....#.......## #
.........##......♣♣.## #
##...⌠..........≈≈≈♣.#
##..............≈§§§♣###
#..⌠...⌠.......§@§§§§§.# #
#......(.#.....§§§f§§♣.######## #
#....⌠...#./...§§n§§§§..##....###
##...)...###...♣≈§§§§≈...........
....#.#.....##.≈≈≈≈≈≈♣...........
....#..#.....#÷.♣≈≈≈♣♣...........
.......##..⌠.....≈♣♣.............
..#.....###..#....♣..............
..#..............................


You could see a thorn hunter and a bog body.

Vanquished Creatures
  An orc warlord (Orc:2)
  Josephine (Lair:4)
  8 hydras
  A death yak (Lair:4)
  2 alligators (Swamp:1)
  6 centaur warriors
  An orc high priest (Orc:2)
  Sonja (Lair:4)
  5 skeletal warriors (D:14)
  2 unseen horrors
  A death drake (shapeshifter) (D:13)
  An unseen horror (shapeshifter) (D:13)
  A wizard (D:14)
  A hill giant (D:11)
  A deep elf mage (D:14)
  5 orc knights
  8 ugly things
  4 orc sorcerers
  3 cyclopes
  A salamander (D:15)
  2 manticores
  11 elephants
  2 black mambas
  Maurice (D:8)
  2 gargoyles
  9 komodo dragons
  8 spiny frogs
  A rime drake (Lair:1)
  An efreet (D:13)
  4 kobold demonologists (D:14)
  12 trolls
  2 hornets (Swamp:1)
  A hippogriff (shapeshifter) (D:13)
  8 blink frogs
  8 slime creatures
  A bog body (Swamp:1)
  11 hippogriffs
  7 wraiths
  Sigmund (D:2)
  A shadow (D:14)
  2 wyverns
  4 hogs (D:7)
  25 yaks
  A spriggan (Swamp:1)
  5 basilisks
  A human (D:7)
  7 vampire mosquitoes
  2 hungry ghosts
  2 mottled dragons
  3 wargs (Orc:2)
  A soldier ant (D:13)
  8 water moccasins
  3 sky beasts
  11 porcupines
  6 ice beasts
  34 orc warriors
  2 phantoms
  2 black bears
  6 wolves (Lair:4)
  A necrophage (D:10)
  7 ogres
  4 boggarts (D:15)
  10 centaurs
  12 crocodiles
  5 big kobolds
  19 bullfrogs
  2 wyvern zombies
  2 scorpions
  8 killer bees
  11 wights
  5 howler monkeys
  7 crimson imps
  A quasit (D:14)
  2 bullfrog zombies
  8 centaur zombies
  5 hounds
  4 jellies
  23 orc wizards
  26 orc priests
  2 centaur skeletons
  6 iguanas
  Jessica (D:2)
  2 bullfrog skeletons (D:5)
  Natasha (thrice) (D:3)
  11 worker ants
  A killer bee zombie (D:5)
  2 hound zombies
  A hound skeleton (D:5)
  Robin (D:1)
  18 adders
  3 gnolls (D:12)
  2 worker ant zombies
  3 shadow imps
  12 white imps (D:14)
  4 oozes
  3 adder skeletons
  2 worms
  2 dart slugs (D:1)
  8 leopard geckos
  92 orcs
  3 giant cockroaches
  17 goblins
  8 hobgoblins
  14 jackals
  25 kobolds
  A quokka (D:2)
  2 ball pythons
  9 bats
  6 frilled lizards
  A giant cockroach zombie (D:6)
  2 gnoll zombies (D:5)
  A quokka skeleton (D:4)
  8 rats
  A fungus (Lair:6)
711 creatures vanquished.

Vanquished Creatures (others)
  An orc (Orc:2)
  11 fungi
  3 plants
15 creatures vanquished.

Grand Total: 726 creatures vanquished

Notes
Turn   | Place    | Note
-------+----------+-------------------------------------------
     0 | D:1      | Flanowski the Gargoyle Earth Elementalist began the quest for the Orb.
     0 | D:1      | Reached XP level 1. HP: 10/10 MP: 3/3
    60 | D:1      | Reached skill level 4 in Earth Magic
    92 | D:1      | Reached XP level 2. HP: 4/15 MP: 3/5
   785 | D:1      | Reached XP level 3. HP: 17/19 MP: 6/6
   806 | D:1      | Reached skill level 5 in Earth Magic
  1251 | D:2      | Noticed Robin
  1251 | D:2      | Noticed Sigmund
  1823 | D:1      | Reached XP level 4. HP: 23/24 MP: 4/7
  1832 | D:1      | Killed Robin
  1933 | D:1      | Reached skill level 6 in Earth Magic
  2057 | D:2      | Killed Sigmund
  2057 | D:2      | Reached skill level 7 in Earth Magic
  2057 | D:2      | Reached XP level 5. HP: 26/28 MP: 4/8
  2057 | D:2      | Reached XP level 6. HP: 30/32 MP: 4/9
  2063 | D:2      | Noticed Jessica
  2070 | D:2      | Killed Jessica
  2070 | D:2      | Reached skill level 8 in Earth Magic
  2243 | D:2      | Learned a level 2 spell: Passwall
  2247 | D:2      | Learned a level 3 spell: Stone Arrow
  2367 | D:2      | Found a glowing golden altar of the Shining One.
  2599 | D:3      | Noticed Natasha
  2615 | D:3      | Killed Natasha
  3184 | D:3      | Noticed Natasha
  3193 | D:3      | Killed Natasha
  3292 | D:3      | Reached XP level 7. HP: 29/37 MP: 10/10
  3539 | D:3      | Noticed Natasha
  3545 | D:3      | Killed Natasha
  3545 | D:3      | Reached skill level 9 in Earth Magic
  3628 | D:4      | Found a blossoming altar of Fedhas.
  3668 | D:4      | Found a glowing golden altar of the Shining One.
  3818 | D:4      | Found a sparkling altar of Nemelex Xobeh.
  3936 | D:4      | Reached skill level 1 in Fighting
  3997 | D:4      | Found an ancient bone altar of Kikubaaqudgha.
  4194 | D:4      | Reached skill level 10 in Earth Magic
  4243 | D:4      | Found a radiant altar of Vehumet.
  4254 | D:4      | Found an opulent altar of Gozag.
  4259 | D:4      | Found a hide-covered altar of Uskayaw.
  4263 | D:4      | Became a worshipper of Vehumet
  4270 | D:4      | Learned a level 5 spell: Lee's Rapid Deconstruction
  4275 | D:5      | Entered Level 5 of the Dungeon
  4348 | D:5      | Reached XP level 8. HP: 43/43 MP: 6/13
  4485 | D:5      | Found a staircase to the Ecumenical Temple.
  4518 | D:5      | Found a basalt altar of Yredelemnul.
  4603 | D:5      | Reached * piety under Vehumet
  4603 | D:5      | Offered knowledge of Sting by Vehumet.
  5025 | D:5      | Found Fikk's Assorted Antiques.
  5079 | D:6      | Reached skill level 5 in Spellcasting
  5117 | D:6      | Reached skill level 11 in Earth Magic
  5321 | D:6      | Reached XP level 9. HP: 47/47 MP: 5/17
  5468 | D:6      | Offered knowledge of Freeze by Vehumet.
  5500 | D:6      | Reached ** piety under Vehumet
  6138 | D:7      | Found Ymis's Food Boutique.
  6181 | D:7      | Reached skill level 12 in Earth Magic
  6590 | D:8      | Offered knowledge of Dazzling Spray by Vehumet.
  6592 | D:8      | Reached XP level 10. HP: 52/52 MP: 16/22
  6639 | D:8      | Noticed Maurice
  6641 | D:8      | Reached skill level 13 in Earth Magic
  6647 | D:8      | Killed Maurice
  6648 | D:8      | Reached *** piety under Vehumet
  6901 | D:8      | Learned a level 4 spell: Petrify
  7052 | D:8      | Offered knowledge of Iskenderun's Mystic Blast by Vehumet.
  7536 | D:9      | Reached skill level 14 in Earth Magic
  7773 | D:9      | Reached **** piety under Vehumet
  7976 | D:9      | Got a steaming flail
  7982 | D:9      | Identified the +3 flail "Rujeex" {protect, +Inv} (You found it on level 9 of the Dungeon)
  7992 | D:9      | Gained mutation: Your spells are a little harder to cast, but a little more powerful. [potion of mutation]
  7992 | D:9      | Gained mutation: You possess an exceptional clarity of mind. [potion of mutation]
  7992 | D:9      | Gained mutation: You are robust. (+10% HP) [potion of mutation]
  7999 | D:9      | Offered knowledge of Fireball by Vehumet.
  8198 | D:10     | Entered Level 10 of the Dungeon
  8260 | D:10     | Reached XP level 11. HP: 66/66 MP: 9/24
  8350 | D:10     | Noticed an orc knight
  8354 | D:10     | Killed an orc knight
  8456 | D:10     | Reached skill level 10 in Spellcasting
  8728 | D:10     | Found a roughly hewn altar of Beogh.
  8728 | D:10     | Found a staircase to the Orcish Mines.
  9010 | D:10     | Reached ***** piety under Vehumet
  9282 | D:10     | Offered knowledge of Bolt of Magma by Vehumet.
  9292 | D:10     | Killed an unseen horror
  9464 | D:10     | Reached skill level 15 in Earth Magic
  9960 | D:11     | Found a shattered altar of Ashenzari.
 10002 | D:11     | Noticed a hill giant
 10005 | D:11     | Killed a hill giant
 10005 | D:11     | Reached skill level 1 in Conjurations
 10168 | D:11     | Found a staircase to the Lair.
 10421 | D:11     | Noticed a cyan ugly thing
 10425 | D:11     | Killed a cyan ugly thing
 10425 | D:11     | Reached skill level 5 in Fighting
 10482 | D:11     | Noticed a six-headed hydra
 10488 | D:11     | Killed a six-headed hydra
 10746 | Lair:1   | Entered Level 1 of the Lair of Beasts
 10930 | Lair:1   | Reached XP level 12. HP: 73/74 MP: 21/26
 10962 | Lair:1   | Reached skill level 16 in Earth Magic
 11006 | Lair:1   | Noticed a four-headed hydra
 11015 | Lair:1   | Killed a four-headed hydra
 12053 | Lair:2   | Reached skill level 17 in Earth Magic
 12347 | Lair:2   | Reached skill level 5 in Conjurations
 13029 | Lair:3   | Found a hole to the Spider Nest.
 13440 | Lair:4   | Noticed a four-headed hydra
 13448 | Lair:4   | Killed a four-headed hydra
 13467 | Lair:4   | Reached XP level 13. HP: 72/83 MP: 19/27
 13509 | Lair:4   | Found a staircase to the Swamp.
 13544 | Lair:4   | Noticed Sonja
 13546 | Lair:4   | Killed Sonja
 13546 | Lair:4   | Reached skill level 18 in Earth Magic
 14192 | Lair:3   | Offered knowledge of Fulminant Prism by Vehumet.
 15180 | Lair:5   | Found a dark tunnel.
 15689 | Lair:5   | Reached skill level 19 in Earth Magic
 15840 | Lair:6   | Entered Level 6 of the Lair of Beasts
 15910 | Lair:6   | Noticed GordonOverkill's ghost (journeyman FoFi)
 15913 | Lair:6   | Noticed veneficus's ghost (journeyman MiBe)
 16746 | Orc:1    | Entered Level 1 of the Orcish Mines
 16921 | D:5      | Bought a curved runed staff for 324 gold pieces
 17267 | Orc:1    | Found Kaskovint's Magic Scroll Emporium.
 17367 | Orc:1    | Found a roughly hewn altar of Beogh.
 17409 | Orc:1    | Found Ciator's Magic Scroll Emporium.
 17551 | Orc:2    | Entered Level 2 of the Orcish Mines
 17590 | Orc:2    | Found a staircase to the Elven Halls.
 18222 | Orc:2    | Gained mutation: Your large and strong wings let you fly indefinitely. [Gargoyle growth]
 18222 | Orc:2    | Reached XP level 14. HP: 92/92 MP: 19/28
 18816 | Orc:2    | Noticed an orc warlord
 19152 | Orc:2    | Found a roughly hewn altar of Beogh.
 19278 | Orc:2    | Killed an orc warlord
 19278 | Orc:2    | Reached skill level 20 in Earth Magic
 19391 | Orc:2    | Found Gebytedu's General Store.
 19532 | Orc:2    | Found Fiuckerr's Jewellery Emporium.
 19549 | Orc:2    | Found Dicuirph's Antique Weapon Emporium.
 19565 | Orc:2    | Found Vaodoj's Antique Armour Emporium.
 19573 | Orc:2    | Bought a creamy pearl robe for 205 gold pieces
 19583 | Orc:2    | Identified the cursed +1 robe "Qiylitow" {rCorr} (You bought it in a shop on level 2 of the Orcish Mines)
 19960 | Orc:2    | Bought an uncursed ring of magical power for 280 gold pieces
 20588 | Swamp:1  | Entered Level 1 of the Swamp
 20911 | D:12     | Found a flagged portal.
 21420 | D:12     | Got a pitted trident
 21421 | D:12     | Identified the +7 trident "Leluf" {pain, rN+ MR+ Str+2} (You found it on level 12 of the Dungeon)
 21425 | D:12     | Learned a level 2 spell: Repel Missiles
 21444 | D:13     | Offered knowledge of Delayed Fireball by Vehumet.
 21528 | D:13     | Found a portal to a secret trove of treasure.
 21822 | D:13     | Found a gate to the Vaults.
 22999 | D:14     | Reached skill level 5 in Dodging
 23309 | D:14     | Reached XP level 15. HP: 98/101 MP: 11/29
 23460 | D:14     | Offered knowledge of Poison Arrow by Vehumet.
 23891 | D:14     | Learned a level 3 spell: Regeneration
 24017 | D:15     | Entered Level 15 of the Dungeon
 24352 | D:15     | Found a white marble altar of Elyvilon.
 24384 | D:15     | Found Ulilaami's General Store.
 24388 | D:15     | Bought a potion of heal wounds for 70 gold pieces
 24618 | D:15     | Bought a scroll of recharging for 133 gold pieces
 25403 | Swamp:1  | Noticed Josephine
 25572 | Lair:4   | Killed Josephine
 25833 | Swamp:1  | Noticed a thorn hunter
 25850 | Lair:4   | Killed from afar by a thorn hunter

Vault maps used:
D:1:      minmay_arrival_jagged
D:2:      lemuel_doored_altar, serial_glass, glass_columns_b, glass_columns_a,
          uniq_robin, uniq_jessica, uniq_sigmund
D:3:      first_bread, uniq_natasha
D:4:      kennysheep_little_box, kennysheep_mini,
          nicolae_overflow_hidden_temple, tso_metal_star
D:5:      lemuel_zombie_altar_yredelemnul, serial_shops, shop
D:7:      serial_shops, shop, grunt_livestock
D:8:      uniq_maurice
D:10:     david_orc_5
D:11:     lair_0_dummy, minmay_fountain_box, ashenzari_altar_1
D:12:     lightli_bailey_entry_fortress
D:13:     david_vaults_2, enter_trove_1
D:14:     minivault_11, portal_ice_cave_entry_imps, hangedman_decor_opposing
D:15:     hangedman_depths_entry_try_elsewhere_first, serial_shops,
          nicolae_shop_stone, basic_altar, minmay_misc_feat_tiny,
          kennysheep_crisscross
Lair:1:   minivault_19, columned_hall_lemuel, beast_lair_carwin_10,
          bh_autumn_forest_stairs
Lair:2:   lemuel_fruit_tree
Lair:3:   spider_nest_entry_web_field
Lair:4:   swamp_mist_pool, grunt_megastairs_4, uniq_sonja
Lair:5:   enter_volcano_2
Lair:6:   minmay_lair_end_enchanted_forest, slime_dummy,
          kennysheep_basilisk_garden
Swamp:1:  nicolae_swamp_fairy_circle, swamp_pool3, infiniplex_staircase_pool_2,
          uniq_josephine
Orc:1:    serial_shops, shop, nicolae_shop_crystal, nicolae_shop_statue_plus,
          nicolae_shop_trees, mines1_david
Orc:2:    grunt_orc_cross

Skill      XL: |  1  2  3  4  5  6  7  8  9 10 11 12 13 14 15 |
---------------+----------------------------------------------+-----
Earth Magic    | 4 5 7 8 10 11 12 14 15 17 19 20 | 20.7
Spellcasting   | 3 5 8 9 10 12 | 12.7
Fighting       | 1 3 5 7 8 9 |  9.7
Conjurations   | 2 5 7 9 |  9.3
Dodging        | 2 3 5 |  5.9
Stealth        | |  2.1
Transmutations | |  0.7

Action                   |  1- 3 |  4- 6 |  7- 9 | 10-12 | 13-15 || total
-------------------------+-------+-------+-------+-------+-------++-------
Melee: Unarmed           |    22 |       |       |       |       ||    22
       Dagger            |   135 |       |       |       |       ||   135
       Short sword       |       |    98 |    42 |       |     1 ||   141
       Trident           |       |       |       |       |    81 ||    81
 Cast: Sandblast         |    32 |    18 |   133 |   342 |   114 ||   639
       Passwall          |       |       |     1 |       |     3 ||     4
       Lee's Rapid Decon |       |       |    14 |    58 |   160 ||   232
       Stone Arrow       |       |       |       |    15 |   389 ||   404
       Petrify           |       |       |       |     6 |    35 ||    41
 Abil: Fly               |       |       |       |       |     1 ||     1
  Use: Scroll            |       |       |     3 |    11 |    12 ||    26
       Potion            |       |       |       |     1 |     5 ||     6
 Stab: Sleeping          |     4 |     5 |     1 |       |     1 ||    11
       Distracted        |       |       |     1 |       |     1 ||     2
       Petrified         |       |       |       |       |     4 ||     4
  Eat: Chunk             |     3 |     6 |    10 |    28 |    35 ||    82
       Bread ration      |       |       |     1 |     1 |     7 ||     9
       Fruit             |       |       |       |       |     1 ||     1
Armor: Robe              |    59 |    61 |    39 |    79 |   196 ||   434
Dodge: Dodged            |   116 |    87 |    55 |   106 |   271 ||   635
